 Dungeon Sprint DCSS version 0.23.2 (webtiles) character file.

Game seed: 12287897395569735925

99 MartialLaw the Covered (level 4, -8/45 HPs)
             Began as a Minotaur Fighter on Mar 31, 2019.
             Drowned by a water elemental (9 damage)
             ... in the Dungeon (Sprint III: "The Ten Rune Challenge").
             The game lasted 00:00:47 (334 turns).

MartialLaw the Covered (Minotaur Fighter)            Turns: 334, Time: 00:00:47

Health: -8/45      AC:  7    Str: 22    XL:     4   Next: 45%
Magic:  3/3        EV:  8    Int:  5    God:
Gold:   19         SH: 10    Dex:  9    Spells: 3/3 levels left

rFire    . . .     SeeInvis .   a - +0 flail
rCold    . . .     Gourm    .   c - +0 shield
rNeg     . . .     Faith    .   b - +0 scale mail
rPois    .         Spirit   .   (helmet restricted)
rElec    .         Reflect  .   (no cloak)
rCorr    .         Harm     .   (no gloves)
MR       .....     NoTele   +   (no boots)
Stlth    ..........             (no amulet)
HPRegen  0.15/turn              (no ring)
MPRegen  0.08/turn              (no ring)

@: engulfed (cannot breathe)
A: retaliatory headbutt, horns 2
a: no special abilities


You were in the Dungeon.
You were not hungry.

You visited 1 branch You collected 19 gold pieces.

Inventory:

Hand Weapons
 a - a +0 flail (weapon)
Armour
 b - a +0 scale mail (worn)
 c - a +0 shield (worn)
Scrolls
 k - a scroll of blinking
 l - 4 scrolls of identify
 n - 4 scrolls of remove curse
 o - 2 scrolls of torment {unknown}
Potions
 d - a potion of might
 e - a potion of curing
 g - a potion of heal wounds
 h - a potion of haste
 i - 2 potions of magic
 j - a potion of berserk rage
 m - 4 potions of mutation {unknown}
 p - a potion of degeneration {unknown}
 q - 3 potions of flight
Comestibles
 f - 3 rations


   Skills:
 + Level 6.4 Fighting
 + Level 5.0 Maces & Flails
 + Level 6.8 Armour
 - Level 0.2 Dodging
 + Level 6.6 Shields


You had 3 spell levels left.
You didn't know any spells.
Your spell library was empty.

Dungeon Overview and Level Annotations

Branches:
Dungeon (1/1)

Altars:


Innate Abilities, Weirdness & Mutations

You reflexively headbutt those who attack you in melee.
You have a pair of horns on your head.


Message History

The water elemental is heavily damaged.
The water elemental hits you!
The water elemental engulfs you in water!
The water elemental hits you!
You are too injured to fight recklessly!
You barely miss the water elemental.
Your headbutt misses the water elemental.
The water elemental is heavily damaged.
* * * LOW HITPOINT WARNING * * *
Your lungs strain for air!
The water elemental closely misses you.
You closely miss the water elemental.
The water elemental is heavily damaged.
* * * LOW HITPOINT WARNING * * *
Your lungs strain for air!
The water elemental completely misses you.
You sock the water elemental!
Your headbutt misses the water elemental.
The water elemental is almost destroyed.
You die...

▓▓▓▓▓▓▓▓▓▓ ▓▓▓
<.#..'...♣♣ ♣.#
..#..#....♣ ♣.#
#'####....♣♣ ♣.#
.....#....≈♣ ♣♣♣.###+#+#
.....#.†.≈≈♣♣♣...#......
.....#..≈≈≈≈.♣♣..E.⌠....
####'#..≈≈≈≈≈≈♣♣@#
...÷[#.≈≈≈≈≈≈....#
.....#.≈≈≈≈≈.....#
.....#.≈≈≈.......#
'#####...........#
.................#
▓▓▓▓▓▓▓▓▓▓▓▓▓▓▓▓▓▓


You could see a water elemental.

Vanquished Creatures
  A scorpion (D)
  Jessica (D)
  A human (D)
  An ooze (D)
  2 rats (D)
6 creatures vanquished.

Vanquished Creatures (others)
  2 draconian scorchers (D)
  6 hellions (D)
  A yaktaur (D)
9 creatures vanquished.

Grand Total: 15 creatures vanquished

Notes
Turn   | Place    | Note
-------+----------+-------------------------------------------
     0 | D        | MartialLaw the Minotaur Fighter began the quest for the
                  | Orb.
     0 | D        | Reached XP level 1. HP: 19/19 MP: 0/0
    16 | D        | Noticed Jessica
    23 | D        | Killed Jessica
    23 | D        | Reached skill level 5 in Fighting
    23 | D        | Reached skill level 5 in Armour
    23 | D        | Reached skill level 5 in Shields
    23 | D        | Reached XP level 2. HP: 10/29 MP: 1/1
    23 | D        | Reached XP level 3. HP: 13/36 MP: 2/2
   150 | D        | Killed a white draconian scorcher
   151 | D        | Noticed a scorpion
   151 | D        | Killed a yaktaur
   159 | D        | Killed a scorpion
   159 | D        | Reached XP level 4. HP: 28/44 MP: 3/3
   164 | D        | Killed a white draconian scorcher
   183 | D        | Reached skill level 5 in Maces & Flails
   187 | D        | Killed a hellion
   188 | D        | Killed a hellion
   189 | D        | Killed a hellion
   189 | D        | Killed a hellion
   190 | D        | Killed a hellion
   328 | D        | Noticed a water elemental
   333 | D        | HP: 1/45 [drowned by a water elemental (7)]
   333 | D        | Killed a hellion
   334 | D        | Drowned by a water elemental

Skill      XL: |  1  2  3  4 |
---------------+-------------+-----
Fighting       | 5 6 |  6.4
Armour         | 5 6 |  6.8
Shields        | 5 6 |  6.6
Maces & Flails | 3 4 5 |  5.0
Dodging        | |  0.2

Action                   |  1- 3 |  4- 6 || total
-------------------------+-------+-------++-------
Melee: Flail             |    14 |    17 ||    31
       Headbutt          |     4 |       ||     4
Armor: Scale mail        |     7 |     2 ||     9
Dodge: Dodged            |     1 |     6 ||     7
Block: Shield            |    13 |     5 ||    18
